 Dungeon Crawl Stone Soup version 0.30-b1-2-g02819fbbbe (webtiles) character file.

Game seed: 10694420946318353129

2459 LLlMATKO the Chopper (level 9, 0/80 HPs)
             Began as a Minotaur Berserker on June 4, 2023.
             Was an Elder of Trog.
             Slain by an orc warrior
             ... wielding a +0 war axe
              (1 damage)
             ... on level 6 of the Dungeon.
             The game lasted 00:05:48 (5860 turns).

LLlMATKO the Chopper (Minotaur Berserker)           Turns: 5860, Time: 00:05:48

Health: 0/80       AC: 11    Str: 23    XL:     9   Next: 26%
Magic:  8/8        EV: 11    Int:  4    God:    Trog [****..]
Gold:   383        SH:  5    Dex: 13    Spells: 8/8 levels left

rFire   . . .        a - +0 hand axe
rCold   + . .        o - +0 buckler
rNeg    . . .        q - +0 chain mail
rPois   .            (helmet restricted)
rElec   .            (no cloak)
rCorr   .            u - +0 pair of gloves
SInv    .            (no boots)
Will    .....        (no amulet) Stlth
                     l - ring of protection from cold
HPRegen 0.33/turn    (no ring)
MPRegen 0.11/turn

%: no passive effects
@: on berserk cooldown
A: horns 2, retaliatory headbutt
a: Renounce Religion, Berserk, Trog's Hand, Brothers in Arms


You were on level 6 of the Dungeon.
You worshipped Trog.
Trog was greatly pleased with you.
You visited 1 branch of the dungeon, and saw 7 of its levels.

You collected 383 gold pieces.

Inventory:

Hand Weapons
 a - a +0 hand axe (weapon)
Missiles
 c - 9 poisoned darts
 m - 4 curare-tipped darts (quivered)
 r - a boomerang
 y - 4 boomerangs of dispersal
Armour
 o - a +0 buckler (worn)
 q - a +0 chain mail (worn)
 u - a +0 pair of gloves (worn)
Jewellery
 l - a ring of protection from cold (left hand)
Wands
 p - a wand of acid (11)
 B - a wand of mindburst (15)
 C - a wand of flame (13)
Scrolls
 b - 3 scrolls of teleportation {unknown}
 f - 7 scrolls of vulnerability {unknown}
 h - 3 scrolls of identify {unknown}
 j - a scroll of silence {unknown}
 k - a scroll of enchant weapon {unknown}
 n - 3 scrolls of poison {unknown}
 t - a scroll of fear {unknown}
 w - a scroll of summoning
 x - a scroll of noise {unknown}
 A - a scroll of magic mapping {unknown}
Potions
 d - a potion of attraction {unknown}
 e - 4 potions of heal wounds {unknown}
 g - 6 potions of curing {unknown}
 i - 3 potions of mutation {unknown}
 s - a potion of degeneration {unknown}
 v - 3 potions of ambrosia {unknown}
 z - a potion of cancellation {unknown}


   Skills:
 + Level 7.6 Fighting
 + Level 7.7 Axes
 + Level 7.2 Armour
 + Level 6.5 Dodging
 + Level 6.2 Shields


You had 8 spell levels left.
You didn't know any spells.
Your spell library was empty.

Dungeon Overview and Level Annotations

Branches:
Dungeon (7/15)             Temple (0/1) D:4

Altars:
Ashenzari
Cheibriados
Dithmenos
Gozag
Kikubaaqudgha
Makhleb
Trog
Vehumet
Zin
The Shining One


Innate Abilities, Weirdness & Mutations

You have a pair of horns on your head.
You reflexively headbutt those who attack you in melee.


Message History

The orc hits you with a +0 dagger. You block the orc warrior's attack.
You block the orc's attack. Something hits you but does no damage.
The orc warrior closely misses you. The orc hits you but does no damage.
The orc attacks as you move away! You block the orc's attack.
Something hits you but does no damage. Something hits you but does no damage.
Something hits you but does no damage.
You hear some strange, mumbled words.
A puff of flame appears from out of thin air!
The puff of flame misses you. Something hits you.
A magic dart appears from out of thin air!
The magic dart hits you. You block something's attack.
You see here a bullfrog corpse.
Something hits you.
You hear some strange, mumbled words.
Something tries to affect you, but you resist.
Something hits you but does no damage.
There is a stone staircase leading up here.
The orc warrior hits you with a +0 war axe.
The orc warrior hits you but does no damage.
You climb upwards.
Reactivating autopickup.
You feel yourself speed up.
There is a stone staircase leading down here.
You hit the orc warrior. You headbutt the orc warrior.
The orc warrior is heavily wounded.
The orc warrior hits you with a +0 war axe!
* * * LOW HITPOINT WARNING * * *
You hit the orc warrior but do no damage.
Your headbutt misses the orc warrior.
The orc warrior is heavily wounded.
The orc warrior hits you with a +0 war axe!
* * * LOW HITPOINT WARNING * * *
You hit the orc warrior.
The orc warrior is severely wounded.
The orc warrior hits you with a +0 war axe.
You die...

##.## ##..# #.###
##.#####..## #...###
##.......### #......
#.......[.######.#####
##......[........# #
##.....#####....#
###..## ##...# #o.#
##..# # #@.# #..# ##
##.# #..# ##. #.#
#..###.# #.# ##..#..##
#.# #.###.## ### ###
#.# #.# ###


You could see an orc warrior.

Vanquished Creatures
  Pikel (D:6)
  Prince Ribbit (D:6)
  Duvessa (D:6)
  2 black bears
  An ice beast (D:6)
  An ogre (D:5)
  A centaur (D:5)
  3 phantoms
  A kobold brigand (D:3)
  A bullfrog (D:7)
  3 wights (D:6)
  Dowan (D:6)
  2 jellies
  2 orc priests
  A hound (D:6)
  2 iguanas
  2 sleepcaps (D:4)
  5 orc wizards
  8 gnolls (D:3)
  7 adders
  A shadow imp (D:6)
  3 white imps
  2 ufetubi
  A worm (D:2)
  A dart slug (D:3)
  22 orcs
  7 ball pythons
  7 endoplasms
  5 giant cockroaches
  6 goblins
  8 hobgoblins
  10 jackals
  5 quokkas
  8 bats
  A frilled lizard (D:1)
  3 hobgoblin zombies (D:6)
  46 kobolds
  A kobold skeleton (D:6)
  A kobold zombie (D:6)
  3 orc skeletons (D:6)
  5 rats
192 creatures vanquished.

Vanquished Creatures (others)
  A human (D:4)
1 creature vanquished.

Grand Total: 193 creatures vanquished

Notes
Turn   | Place    | Note
-------+----------+-------------------------------------------
     0 | D:1      | LLlMATKO the Minotaur Berserker began the quest for the
                  | Orb.
     0 | D:1      | Reached XP level 1. HP: 19/19 MP: 0/0
   129 | D:1      | Reached XP level 2. HP: 27/27 MP: 1/1
   827 | D:2      | Reached XP level 3. HP: 31/33 MP: 2/2
   854 | D:2      | Reached ** piety under Trog
  1297 | D:2      | Reached XP level 4. HP: 34/40 MP: 3/3
  1805 | D:3      | Reached *** piety under Trog
  1813 | D:3      | Reached skill level 1 in Shields
  1849 | D:3      | Reached XP level 5. HP: 47/47 MP: 4/4
  2230 | D:3      | Reached **** piety under Trog
  2249 | D:3      | Reached skill level 5 in Axes
  2264 | D:3      | Reached skill level 5 in Fighting
  2264 | D:3      | Reached XP level 6. HP: 55/56 MP: 5/5
  2523 | D:3      | Found a bloodstained altar of Trog.
  2972 | D:4      | Found a staircase to the Ecumenical Temple.
  3385 | D:4      | Identified the +5 whip "Aweliv" {heavy, Str+3}
  3474 | D:4      | Reached XP level 7. HP: 61/61 MP: 6/6
  3564 | D:4      | Found an ancient bone altar of Kikubaaqudgha.
  3564 | D:4      | Noticed a human
  3567 | D:4      | Killed a human
  3752 | D:5      | Entered Level 5 of the Dungeon
  3761 | D:5      | Reached skill level 5 in Armour
  3970 | D:5      | Found a snail-covered altar of Cheibriados.
  3970 | D:5      | Found a broken altar of Ashenzari.
  4024 | D:5      | Found a radiant altar of Vehumet.
  4216 | D:5      | Identified the +8 flail of Ogint {venom, Fly rN++ Dex+3
                  | Stlth-}
  4288 | D:6      | Found a glowing silver altar of Zin.
  4293 | D:6      | Reached skill level 5 in Dodging
  4309 | D:6      | Found a burning altar of Makhleb.
  4323 | D:6      | Reached XP level 8. HP: 70/70 MP: 7/7
  4663 | D:6      | Noticed Pikel
  4681 | D:6      | Killed Pikel
  4682 | D:6      | Reached skill level 5 in Shields
  4684 | D:6      | Found a glowing golden altar of the Shining One.
  4720 | D:6      | Reached ***** piety under Trog
  5003 | D:6      | Noticed Dowan
  5004 | D:6      | Noticed Duvessa
  5012 | D:6      | Killed Dowan
  5016 | D:6      | Killed Duvessa
  5017 | D:6      | Reached XP level 9. HP: 73/79 MP: 8/8
  5239 | D:6      | Noticed Prince Ribbit
  5245 | D:6      | Killed Prince Ribbit
  5503 | D:6      | Found a shadowy altar of Dithmenos.
  5799 | D:7      | Found an opulent altar of Gozag.
  5859 | D:6      | HP: 1/80 [orc warrior/+0 war axe (12)]
  5860 | D:6      | Slain by an orc warrior

Illustrated notes

Levels and vault maps discovered:
D:1:      spicycebolla_green_bress_n_ham_2, layout_loops_ring
D:2:      layout_basic
D:3:      minmay_goblin_kobold_castle, layout_basic, bloody_trog,
          grunt_ministairs_7, hangedman_decor_riveting
D:4:      layout_loops_ring, tgw_kikubaaqudgha, minmay_temple_entry_mist,
          nrook_mini_vaults
D:5:      layout_basic, nicolae_vehumet_altar_sigil,
          mainiacjoe_overflow_divided_tiny
D:6:      layout_layer_cave, mainiacjoe_overflow_paths,
          nicolae_tso_besieged_by_evil, nicolae_overflow_crystal_walls,
          nicolae_overflow_hidden_temple, uniq_prince_ribbit1, uniq_pikel,
          uniq_duvessa
D:7:      layout_loops_ring, mainiacjoe_overflow_tiny_flanked

Skill      XL: |  1  2  3  4  5  6  7  8  9 |
---------------+----------------------------+-----
Axes           | 4 5 6 7 |  7.7
Fighting       | 4 5 6 7 |  7.6
Armour         | 3 4 5 6 7 |  7.2
Dodging        | 3 4 5 6 |  6.5
Shields        | 1 2 3 4 5 6 |  6.2

Action                     |  1- 3 |  4- 6 |  7- 9 || total
---------------------------+-------+-------+-------++-------
  Melee: Hand axe          |    93 |   218 |   182 ||   493
         Headbutt          |    17 |    33 |    37 ||    87
  Throw: Dart              |       |       |     6 ||     6
 Invoke: Berserk           |       |     1 |     5 ||     6
 Armour: Animal skin       |     7 |       |       ||     7
         Scale mail        |    36 |    50 |       ||    86
         Chain mail        |       |    37 |    70 ||   107
  Dodge: Dodged            |    71 |   112 |    86 ||   269
  Block: Buckler           |       |    26 |    44 ||    70
